 Dungeon Crawl Stone Soup version 0.27.1-33-g824d729ab1 (webtiles) character file.

Game seed: 1551936681777607591

530 JamezByez the Poker (level 7, 0/61 HPs)
             Began as a Minotaur Berserker on Dec 17, 2021.
             Was a Priest of Trog.
             Slain by an ogre (26 damage)
             ... on level 5 of the Dungeon.
             The game lasted 00:06:54 (5874 turns).

JamezByez the Poker (Minotaur Berserker)            Turns: 5874, Time: 00:06:55

Health: 0/61       AC: 12    Str: 24    XL:     7   Next: 3%
Magic:  6/6        EV:  9    Int:  4    God:    Trog [***...]
Gold:   103        SH:  0    Dex: 12    Spells: 6/6 levels left

rFire    . . .     SeeInvis .   n - +3 quarterstaff (chaos)
rCold    . . .     Faith    .   (shield currently unavailable)
rNeg     + . .     Spirit   .   v - +0 chain mail
rPois    .         Reflect  .   (helmet restricted)
rElec    .         Harm     .   (no cloak)
rCorr    .         Rampage  .   p - +2 pair of gloves {Dex+3}
Will     .....                  (no boots)
Stlth    ..........             (no amulet)
HPRegen  0.20/turn              i - ring of positive energy
MPRegen  0.10/turn              (no ring)

@: no status effects
A: horns 2, retaliatory headbutt
a: Renounce Religion, Berserk, Trog's Hand


You were on level 5 of the Dungeon.
You worshipped Trog.
Trog was most pleased with you.
You visited 1 branch of the dungeon, and saw 5 of its levels.

You collected 103 gold pieces.

Inventory:

Hand Weapons
 a - a +0 spear
 n - a +3 quarterstaff of chaos (weapon)
Armour
 b - a +0 animal skin
 p - a +2 pair of gloves of dexterity (worn)
 u - a +0 scale mail
 v - a +0 chain mail (worn)
Jewellery
 i - a ring of positive energy (left hand)
 k - an amulet of faith
Scrolls
 c - 5 scrolls of teleportation
 d - a scroll of torment
 e - 2 scrolls of blinking
 f - a scroll of fear {unknown}
 h - a scroll of amnesia
 s - a scroll of acquirement {unknown}
Potions
 g - a potion of lignification
 j - a potion of heal wounds {unknown}
 l - 3 potions of curing {unknown}
 m - 3 potions of brilliance {unknown}
 o - a potion of magic {unknown}
 q - a potion of flight {unknown}
 t - a potion of mutation {unknown}


   Skills:
 + Level 5.3 Fighting
 + Level 5.5(6.1) Polearms
 + Level 4.0(5.4) Staves
 + Level 3.0 Armour
 + Level 3.6 Dodging
 + Level 2.4 Stealth


You had 6 spell levels left.
You didn't know any spells.
Your spell library was empty.

Dungeon Overview and Level Annotations

Branches:
Dungeon (5/15)
 Temple: D:4-7

Altars:
Dithmenos
Gozag
Kikubaaqudgha

Shops:
D:4 (


Innate Abilities, Weirdness & Mutations

You have a pair of horns on your head.
You reflexively headbutt those who attack you in melee.


Message History

Found a leather armour.
A hound zombie comes into view.
A hound zombie is nearby!
Found 13 gold pieces.
You hit the hound zombie. You burn the hound zombie.
You headbutt the hound zombie!
The hound zombie is severely damaged.
The hound zombie bites you but does no damage.
You hit the hound zombie. You burn the hound zombie.
The hound zombie is almost destroyed.
The hound zombie bites you but does no damage.
You barely miss the hound zombie. You headbutt the hound zombie.
The hound zombie is almost destroyed.
The hound zombie completely misses you. You furiously retaliate!
You headbutt the hound zombie.
You destroy the hound zombie!
Trog accepts your kill.
Your Armour skill increases to level 3!
You have reached level 7!
An adder and an ogre come into view.
The adder hisses angrily.
There are monsters nearby!
The adder misses you.
You hit the adder. Lightning courses through the adder!!
You kill the adder!
Trog accepts your kill.
Your base Staves skill increases to level 4!
The ogre hits you with a +0 giant club!
You thump the ogre! You burn the ogre.
The ogre is severely wounded.
The ogre hits you with a +0 giant club!!
You are too injured to fight recklessly!
You are too injured to fight recklessly!
Unknown command.
You are too injured to fight recklessly!
Your chain mail prevents you from hitting the ogre.
You headbutt the ogre, but do no damage.
The ogre is severely wounded.
The ogre hits you with a +0 giant club!!
You die...

#... .# #..# .##
##..##..###
##..........
######..[........
#................
#........O.$.....
#........@....$..
#................
#................
#................
#................
#...<..####.#####
######## .# .# .#


You could see an ogre.

Vanquished Creatures
  A scorpion (D:4)
  3 vampire bats (D:3)
  Crazy Yiuf (D:2)
  An orc priest (D:4)
  2 hounds (D:4)
  Jessica (D:3)
  An orc wizard (D:4)
  A hound zombie (D:5)
  4 gnolls (D:2)
  5 adders
  3 worms
  2 dart slugs (D:1)
  5 orcs
  7 ball pythons
  5 bat skeletons (D:3)
  2 bat zombies (D:3)
  6 endoplasms
  3 giant cockroaches
  5 goblins
  5 hobgoblins
  2 jackals (D:2)
  5 quokkas
  6 bats
  A frilled lizard (D:2)
  8 kobolds
  4 rats
89 creatures vanquished.

Notes
Turn   | Place    | Note
-------+----------+-------------------------------------------
     0 | D:1      | JamezByez the Minotaur Berserker began the quest for the
                  | Orb.
     0 | D:1      | Reached XP level 1. HP: 19/19 MP: 0/0
   223 | D:1      | Reached XP level 2. HP: 27/27 MP: 1/1
  1040 | D:2      | HP: 1/27 [worm (8)]
  2364 | D:2      | Reached XP level 3. HP: 23/33 MP: 2/2
  2587 | D:2      | Reached ** piety under Trog
  2684 | D:2      | Reached XP level 4. HP: 41/41 MP: 3/3
  3291 | D:2      | Found a runed translucent door.
  3292 | D:2      | Noticed Crazy Yiuf
  3433 | D:2      | Killed Crazy Yiuf
  3434 | D:2      | Reached skill level 5 in Polearms
  3434 | D:2      | Reached skill level 1 in Stealth
  3703 | D:3      | Reached skill level 1 in Staves
  3726 | D:3      | Noticed Jessica
  3731 | D:3      | Killed Jessica
  3732 | D:3      | Reached XP level 5. HP: 47/47 MP: 4/4
  4096 | D:3      | Found a faded altar of an unknown god.
  4420 | D:3      | Found an ancient bone altar of Kikubaaqudgha.
  4422 | D:3      | Reached skill level 5 in Fighting
  4430 | D:3      | Reached XP level 6. HP: 45/56 MP: 5/5
  4738 | D:4      | Found a shadowy altar of Dithmenos.
  4982 | D:4      | Found Uzyut's Antique Weapon Shop.
  5269 | D:4      | Reached *** piety under Trog
  5300 | D:4      | Found an opulent altar of Gozag.
  5301 | D:4      | Found an opulent altar of Gozag.
  5305 | D:4      | Found an opulent altar of Gozag.
  5317 | D:4      | Found an opulent altar of Gozag.
  5859 | D:5      | Entered Level 5 of the Dungeon
  5867 | D:5      | Reached XP level 7. HP: 61/61 MP: 6/6
  5874 | D:5      | Slain by an ogre

Illustrated notes

Levels and vault maps discovered:
D:1:      lightli_arrival_chessboard, layout_basic, columned_hall_lemuel,
          chequers_serial_rivers_large_a, minmay_box_of_dots
D:2:      layout_basic, uniq_crazy_yiuf_cottage
D:3:      layout_loops_ring, kennysheep_vampire_church,
          dreamdust_ecumenical_altar_angels_and_demons, uniq_jessica
D:4:      layout_gridville, grunt_dithmenos_smoke_and_mirrors,
          nicolae_gozag_conspicuous_consumption, serial_shops, shop
D:5:      layout_rooms, lemuel_coloured_pillars_altar, ebering_ghost_rock_garden

Skill      XL: |  1  2  3  4  5  6  7 |
---------------+----------------------+-----
Fighting       | 4 5 |  5.3
Polearms       | 4 5 |  5.5
Stealth        | 1 2 |  2.4
Staves         | 1 2 3 4 |  4.0
Dodging        | 3 |  3.6
Armour         | 3 |  3.0

Action                   |  1- 3 |  4- 6 |  7- 9 || total
-------------------------+-------+-------+-------++-------
Melee: Spear             |    88 |     5 |       ||    93
       Headbutt          |     7 |    22 |     1 ||    30
       Quarterstaff      |       |    96 |     3 ||    99
Invok: Berserk           |     1 |     1 |       ||     2
  Use: Scroll            |     1 |     4 |       ||     5
 Stab: Sleeping          |     1 |     6 |       ||     7
       Distracted        |     1 |       |       ||     1
Armor: Animal skin       |     8 |    21 |       ||    29
       Scale mail        |       |     9 |       ||     9
       Chain mail        |       |     3 |       ||     3
Dodge: Dodged            |    39 |    58 |     1 ||    98
